Map: Vaani Research Station (Void)

Players

Fropez - Winner!

  • Race: Protoss Protoss
  • League: Gold
  • Spawn Location: 6:00

alext

  • Race: Protoss Protoss
  • League: Platinum
  • Spawn Location: 12:00

VOD

Have the link to the VOD?

Description

Time

  • Played on: Jan. 9, 2017, 5:02 p.m.
  • Length: 14:41
Show
View Real Time Build Order
Export as new Build Order

Fropez Protoss - Winner!

Build Orders:  

Get SALT Encoding   

  12  0:01  Probe (Chrono Boost)  
  13  0:14  Probe (Chrono Boost)  
  14  0:19  Pylon  
  14  0:25  Probe (Chrono Boost)  
  15  0:30  Assimilator  
  15  0:37  Probe (Chrono Boost)  
  16  0:43  Gateway  
  16  0:48  Probe (Chrono Boost)  
  17  0:58  Probe (Chrono Boost)  
  18  1:07  Assimilator  
  18  1:09  Probe (Chrono Boost)  
  19  1:19  Probe (Chrono Boost)  
  20  1:30  Probe (Chrono Boost)  
  20  2:14  Probe (Chrono Boost)  
  21  2:19  Nexus  
  21  2:23  Pylon  
  21  2:29  Probe (Chrono Boost)  
  22  2:33  Cybernetics Core  
  22  2:40  Probe (Chrono Boost)  
  23  2:51  Probe (Chrono Boost)  
  24  3:01  Probe (Chrono Boost)  
  25  3:06  Pylon  
  25  3:08  Assimilator  
  25  3:12  Probe (Chrono Boost)  
  26  3:14  Assimilator  
  26  3:15  Pylon  
  26  3:17  Warp Gate  
  26  3:22  Twilight Council  
  26  3:23  Robotics Facility  
  27  3:27  Gateway  
  27  3:33  Mothership Core (Chrono Boost)  
  28  3:47  Adept  
  31  3:48  Probe (Chrono Boost)  
  31  3:53  Probe (Chrono Boost)  
  32  3:57  Resonating Glaives  
  32  3:59  Probe (Chrono Boost)  
  32  4:02  Pylon  
  33  4:08  Probe (Chrono Boost)  
  34  4:15  Gateway  
  34  4:21  Pylon, Probe (Chrono Boost)  
  36  4:25  Observer, Probe (Chrono Boost)  
  37  4:36  Adept x2  
  42  4:40  Probe x2 (Chrono Boost)  
  42  4:43  Immortal  
  48  4:53  Probe (Chrono Boost)  
  48  4:55  Probe (Chrono Boost)  
  49  5:00  Pylon  
  47  5:21  Pylon  
  47  5:22  Stalker x2  
  47  5:23  Pylon  
  47  5:26  Pylon  
  51  5:37  Stalker  
  53  5:46  Stalker x2  
  57  5:50  Protoss Air Armor Level 1  
  57  5:56  Immortal  
  57  6:02  Pylon  
  61  6:18  Dark Shrine  
  61  6:21  Forge  
  61  6:24  Pylon  
  61  6:28  Adept, Pylon  
  61  6:30  Warp Prism  
  63  6:35  Stalker  
  63  6:36  Stalker  
  69  6:40  Protoss Ground Weapons Level 1  
  69  6:49  Stalker  
  71  6:57  Blink  
  71  7:00  Stalker  
  75  7:16  Probe (Chrono Boost)  
  75  7:17  Probe (Chrono Boost)  
  75  7:28  Probe (Chrono Boost)  
  75  7:29  Probe (Chrono Boost)  
  77  7:37  Stalker x2  
  79  7:39  Observer  
  79  7:41  Probe x2 (Chrono Boost)  
  84  7:47  Assimilator, Stalker  
  84  7:50  Nexus  
  86  7:52  Pylon  
  86  7:55  Photon Cannon  
  86  7:58  Photon Cannon  
  87  8:07  Probe (Chrono Boost)  
  87  8:08  Probe (Chrono Boost)  
  87  8:10  Stalker x2  
  92  8:16  Pylon  
  92  8:27  Gateway  
  92  8:40  Zealot x2, Protoss Ground Weapons Level 2  
  92  8:41  Zealot  
  98  8:57  Observer  
  93  9:10  Pylon  
  93  9:15  Assimilator  
  93  9:16  Pylon  
  93  9:20  Adept x3, Pylon  
  93  9:22  Pylon  
  100  9:24  Probe (Chrono Boost)  
  100  9:25  Pylon, Probe (Chrono Boost)  
  100  9:27  Probe (Chrono Boost)  
  100  9:30  Pylon  
  102  9:36  Probe (Chrono Boost)  
  103  9:50  Dark Templar x3  
  108  10:15  Dark Templar  
  110  10:23  Dark Templar x3  
  113  10:51  Gateway  
  113  10:53  Gateway  
  113  10:57  Gateway  
  113  11:00  Forge  
  113  11:01  Forge, Immortal, Stalker x4  
  113  11:02  Pylon, Gateway  
  121  11:05  Pylon  
  121  11:07  Pylon  
  121  11:08  Gateway  
  125  11:20  Photon Cannon  
  125  11:24  Photon Cannon  
  119  11:30  Probe (Chrono Boost)  
  119  11:31  Probe (Chrono Boost)  
  119  11:32  Protoss Shields Level 1, Probe (Chrono Boost), Protoss Ground Armor Level 1  
  122  11:41  Forge, Immortal, Probe (Chrono Boost)  
  122  11:44  Probe (Chrono Boost)  
  128  11:54  Sentry x3  
  128  11:55  Protoss Ground Weapons Level 3, Sentry  
  136  12:23  Charge  
  136  12:26  Immortal  
  141  12:31  Probe (Chrono Boost)  
  141  12:32  Sentry  
  141  12:33  Sentry x2  
  147  12:48  Gateway  
  147  12:51  Gateway x2  
  147  13:10  Probe x2 (Chrono Boost)  
  147  13:11  Immortal  
  153  13:13  Stalker x3  
  153  13:14  Stalker x5  
  153  13:16  Stalker  
  171  13:21  Pylon  
  171  13:23  Pylon  
  168  13:34  Robotics Bay  
  168  13:36  Pylon  
  168  13:38  Pylon  
  144  13:45  Dark Templar x3  
  124  13:57  Stalker  
  124  13:58  Stalker x3  
Show
View Real Time Build Order
Export as new Build Order

alext Protoss 

Build Orders:  

Get SALT Encoding   

  12  0:02  Probe (Chrono Boost)  
  13  0:13  Probe (Chrono Boost)  
  14  0:21  Pylon  
  14  0:24  Probe (Chrono Boost)  
  15  0:40  Probe (Chrono Boost), Gateway  
  16  0:44  Assimilator  
  16  0:50  Probe (Chrono Boost)  
  17  0:59  Gateway  
  17  1:02  Probe (Chrono Boost)  
  18  1:16  Probe (Chrono Boost)  
  19  1:27  Probe (Chrono Boost)  
  19  1:29  Cybernetics Core  
  20  1:36  Pylon  
  20  1:38  Probe (Chrono Boost)  
  21  2:00  Probe (Chrono Boost)  
  22  2:11  Adept x2  
  22  2:12  Warp Gate  
  22  2:13  Probe (Chrono Boost)  
  27  2:26  Nexus  
  27  2:34  Pylon  
  27  2:38  Assimilator  
  29  2:44  Mothership Core (Chrono Boost)  
  29  2:57  Stalker  
  31  3:00  Stalker  
  33  3:15  Pylon  
  33  3:18  Probe (Chrono Boost)  
  34  3:25  Pylon  
  34  3:34  Sentry  
  34  3:38  Probe (Chrono Boost)  
  34  3:39  Probe (Chrono Boost)  
  40  3:41  Sentry  
  40  3:50  Gateway  
  40  3:51  Probe x2 (Chrono Boost)  
  42  3:56  Assimilator  
  42  4:09  Twilight Council  
  42  4:15  Probe x2 (Chrono Boost)  
  44  4:19  Gateway  
  44  4:25  Probe (Chrono Boost)  
  44  4:27  Probe (Chrono Boost)  
  44  4:31  Robotics Facility  
  46  4:36  Probe (Chrono Boost)  
  47  5:03  Probe x2 (Chrono Boost)  
  49  5:20  Pylon  
  47  5:23  Blink  
  47  5:24  Warp Prism  
  47  5:26  Stalker  
  47  5:27  Stalker x2  
  55  5:49  Probe x2 (Chrono Boost)  
  57  5:59  Probe (Chrono Boost)  
  58  6:09  Stalker x4  
  58  6:10  Robotics Bay  
  66  6:12  Probe x2 (Chrono Boost)  
  66  6:14  Forge  
  66  6:17  Assimilator  
  68  6:23  Probe x2 (Chrono Boost)  
  70  6:29  Nexus  
  70  6:31  Observer  
  71  6:34  Pylon  
  71  6:39  Pylon  
  71  6:40  Probe x2 (Chrono Boost)  
  71  6:44  Stalker x2  
  77  6:51  Probe (Chrono Boost)  
  77  6:53  Observer  
  79  7:07  Protoss Ground Weapons Level 1  
  79  7:15  Pylon, Observer  
  79  7:22  Pylon  
  80  7:23  Stalker  
  80  7:24  Stalker x3  
  88  7:36  Gateway  
  88  7:37  Gateway  
  88  7:40  Disruptor  
  88  7:41  Robotics Facility  
  88  7:48  Probe x2 (Chrono Boost)  
  88  7:49  Probe (Chrono Boost)  
  94  7:55  Stalker x2  
  98  7:58  Probe (Chrono Boost)  
  98  7:59  Probe (Chrono Boost)  
  100  8:08  Pylon  
  100  8:12  Probe (Chrono Boost)  
  102  8:13  Probe (Chrono Boost)  
  102  8:14  Probe (Chrono Boost)  
  102  8:23  Probe x2 (Chrono Boost)  
  102  8:27  Assimilator  
  104  8:39  Disruptor  
  104  8:45  Stalker x3  
  104  8:46  Stalker  
  115  9:08  Probe x2 (Chrono Boost)  
  115  9:09  Probe (Chrono Boost)  
  118  9:10  Pylon  
  118  9:11  Pylon  
  118  9:14  Pylon  
  118  9:16  Stalker x3  
  124  9:18  Probe (Chrono Boost)  
  124  9:21  Pylon  
  125  9:28  Probe (Chrono Boost)  
  125  9:29  Disruptor  
  129  9:40  Protoss Ground Weapons Level 2  
  129  9:46  Forge  
  129  9:50  Stalker x5  
  129  9:51  Stalker  
  141  10:14  Stalker x3  
  141  10:15  Stalker x2  
  138  10:42  Observer  
  138  10:45  Observer  
  138  10:48  Stalker  
  138  10:49  Stalker x3  
  150  10:57  Probe x2 (Chrono Boost)  
  150  10:58  Probe (Chrono Boost)  
  151  11:05  Observer  
  130  11:34  Probe x2 (Chrono Boost)  
  130  11:35  Probe (Chrono Boost)  
  130  11:38  Photon Cannon  
  133  11:42  Pylon  
  133  11:44  Probe x2 (Chrono Boost)  
  133  11:45  Stalker x5  
  133  11:46  Stalker  
  148  11:47  Probe (Chrono Boost)  
  148  11:53  Pylon  
  148  11:55  Probe x2 (Chrono Boost)  
  148  11:58  Pylon  
  150  12:04  Colossus  
  156  12:16  Stalker x2  
  156  12:17  Stalker  
  156  12:19  Probe (Chrono Boost)  
  156  12:21  Probe (Chrono Boost)  
Tags
 
Add a new tag
Caveats
  • Supply blocks, unpowered buildings, or Contaminate may cause inaccurate times.
  • Supply counts are checked every 10 seconds.